 Dungeon Crawl Stone Soup version 0.28-a0-1087-gf3fc490d9d (webtiles) character file.

Game seed: 12372621226853619012

111 ytrimaz the Insei (level 4, -1/29 HPs)
             Began as an Octopode Transmuter on Dec 10, 2021.
             Slain by Grinder (4 damage)
             ... while paralysed by Grinder
             ... on level 3 of the Dungeon.
             The game lasted 00:02:57 (2637 turns).

ytrimaz the Insei (Octopode Transmuter)             Turns: 2637, Time: 00:02:58

Health: -1/29      AC:  0    Str:  7 (9)  XL:     4   Next: 92%
Magic:  8/8        EV:  5    Int: 14 (17) God:
Gold:   105        SH:  0    Dex: 15 (17) Spells: 2/8 levels left

rFire   . . .      SeeInvis .     - Unarmed
rCold   . . .      Faith    .   (shield currently unavailable)
rNeg    . . .      Spirit   .   (helmet currently unavailable)
rPois   .          Reflect  .   (no amulet)
rElec   .          Harm     .   (ring currently unavailable)
rCorr   .          Rampage  .   (ring currently unavailable)
Will    .....                   (ring currently unavailable)
Stlth   +.........              (ring currently unavailable)
HPRegen 0.09/turn               (ring currently unavailable)
MPRegen 0.11/turn               (ring currently unavailable)
                                (ring currently unavailable)
                                (ring currently unavailable)

@: paralysed, bat-form (expiring), attractive, flying, very quick
A: fast, flying, no casting, almost no armour, (amphibious), (8 rings), tiny,
(camouflage 1), (gelatinous body 1), (nimble swimmer 1), (tentacles)
a: no special abilities


You were on level 3 of the Dungeon.
You were a bat.
You visited 1 branch of the dungeon, and saw 3 of its levels.

You collected 105 gold pieces.

Inventory:

Jewellery
 a - a ring of resist corrosion (melded)
 b - a +6 ring of intelligence (melded)
Scrolls
 e - a scroll of identify {unknown}
Potions
 f - a potion of heal wounds {unknown}


   Skills:
 * Level 2.1 Fighting
 - Level 2.0 Dodging
 + Level 4.0 Unarmed Combat
 * Level 2.8 Spellcasting
 * Level 2.7 Transmutations
 + Level 0.1 Poison Magic


You had 2 spell levels left.
You knew the following spells:

 Your Spells              Type           Power      Damage    Failure   Level
a - Beastly Appendage     Tmut           18%        N/A       8%          1
b - Wereblood             Tmut           9%         N/A       11%         2
c - Spider Form           Tmut/Pois      5%         N/A       36%         3

Your spell library contained the following spells:

 Spells                   Type           Power      Damage    Failure   Level
 Sting                    Tmut/Pois      20%        1d4       12%         1
 Passwall                 Tmut/Erth      4%         N/A       19%         2
 Magic Dart               Conj           4%         1d3       22%         1
 Blink                    Tloc           2%         N/A       32%         2
 Call Imp                 Summ           1%         N/A       32%         2
 Poisonous Vapours        Pois/Air       4%         N/A       32%         2
 Static Discharge         Conj/Air       1%         N/A       32%         2
 Lesser Beckoning         Tloc           1%         N/A       54%         3
 Mephitic Cloud           Conj/Pois/Air  2%         N/A       54%         3
 Swiftness                Air            1%         N/A       54%         3
 Ice Form                 Ice/Tmut       5%         N/A       77%         4
 Olgreb's Toxic Radiance  Pois           2%         N/A       91%         4
 Lightning Bolt           Conj/Air       0%         1d11      99%         5
 Manifold Assault         Tloc           1%         N/A       99%         5
 Maxwell's Capacitive Co  Air            0%         ∞         100%        8


Dungeon Overview and Level Annotations

Branches:
Dungeon (3/15)

Altars:

Annotations:
D:3 Grinder


Innate Abilities, Weirdness & Mutations

You are a bat.
You are tiny and dextrous.
You move quickly.
You are flying.
Your equipment is almost entirely melded.
You are incapable of wielding weapons or throwing items.
You cannot cast spells.
You cannot wear most types of armour.
((You are amphibious.))
((You can wear up to eight rings at the same time.))
((Your skin changes colour to match your surroundings (Stealth+).))
((Your rubbery body absorbs attacks. (AC +1, EV +1)))
((You are camouflaged near water. (Stealth+)))
((You have tentacles for arms and can constrict up to eight enemies at once.))


Message History

Unknown command.
Unknown command.
You hit Grinder but do no damage. Grinder gestures at you.
You resist with significant effort.
Unknown command.
Grinder is attracted toward you. Grinder is attracted toward you.
Grinder misses you. Grinder is attracted toward you. Grinder gestures at you.
You suddenly lose the ability to move!
Grinder is attracted toward you. Grinder gestures at you.
You shrug off the repeated paralysis!
Grinder zaps a wand.
You resist with some effort. Grinder hits you!
You writhe in agony.
You can move again.
Unknown command.
Unknown command.
Grinder blinks!
Grinder is attracted toward you.
There is a stone staircase leading up here.
Unknown command.
Grinder is attracted toward you. Grinder gestures at you.
Pain shoots through your body! Grinder is attracted toward you.
Grinder is attracted toward you.
Unknown command.
Grinder gestures at you.
You suddenly lose the ability to move!
Grinder is attracted toward you. Grinder hits you.
* * * LOW HITPOINT WARNING * * *
You writhe in agony.
* * * LOW HITPOINT WARNING * * *
Your transformation is almost over.
Grinder zaps a wand.
Grinder gestures at you. Pain shoots through your body!
* * * LOW HITPOINT WARNING * * *
Grinder hits you.
You die...

#########################
#........................
#######.#######################
#...#...# #............
###...#...###########.#....##..#
................b5.....<......>#
###........###....###.#.....#..#
#........# #....###.......#..#
#........# #.......§#.....#..##
#........# #........##.........
........####
###########......... .##.....#
#......... +......# #.#.###$##
######.# #..#.# #.#


You could see Grinder.

Vanquished Creatures
  An iguana (D:2)
  Terence (D:2)
  2 adders (D:2)
  A worm (D:2)
  5 endoplasms
  3 hobgoblins
  2 jackals (D:1)
  4 kobolds
  2 quokkas
  4 ball pythons
  5 bats
  3 frilled lizards (D:2)
  2 goblins (D:2)
  4 rats
39 creatures vanquished.

Notes
Turn   | Place    | Note
-------+----------+-------------------------------------------
     0 | D:1      | ytrimaz the Octopode Transmuter began the quest for the
                  | Orb.
     0 | D:1      | Reached XP level 1. HP: 13/13 MP: 3/3
    99 | D:1      | Found a faded altar of an unknown god.
   273 | D:1      | Reached XP level 2. HP: 17/18 MP: 3/5
   320 | D:1      | Learned a level 2 spell: Wereblood
  1010 | D:2      | Reached XP level 3. HP: 19/23 MP: 2/6
  1093 | D:2      | Learned a level 3 spell: Spider Form
  1482 | D:2      | Noticed Terence
  1494 | D:2      | Killed Terence
  1495 | D:2      | Reached XP level 4. HP: 11/29 MP: 4/7
  1915 | D:2      | Reached skill level 4 in Unarmed Combat
  2612 | D:3      | Noticed Grinder
  2613 | D:3      | Identified a scroll of acquirement
  2613 | D:3      | Acquired 763 gold pieces
  2622 | D:3      | Paralysed by Grinder for 3 turns
  2633 | D:3      | Paralysed by Grinder for 7 turns
  2637 | D:3      | Slain by Grinder

Illustrated notes

Levels and vault maps discovered:
D:1:      kennysheep_arrival_seaside, layout_loops_ring,
          ebering_ecumenical_altar_mist
D:2:      layout_loops_cross, minivault_19, kennysheep_generic_room_15,
          uniq_terence
D:3:      layout_basic, biasface_ghost_orc_armoury, uniq_crazy_yiuf_cottage,
          uniq_grinder, uniq_robin

Skill      XL: |  1  2  3  4 |
---------------+-------------+-----
Fighting       | 2 |  2.1
Unarmed Combat | 4 |  4.0
Dodging        | |  2.0
Spellcasting   | |  2.8
Transmutations | |  2.7
Poison Magic   | |  0.1

Action                   |  1- 3 |  4- 6 || total
-------------------------+-------+-------++-------
Melee: Unarmed           |    81 |    23 ||   104
       Kick              |     7 |     4 ||    11
       Constrict         |    15 |     4 ||    19
       Tentacles         |     4 |     2 ||     6
       Punch             |     2 |       ||     2
 Cast: Beastly Appendage |     5 |     3 ||     8
       Wereblood         |     1 |       ||     1
       Spider Form       |     2 |       ||     2
  Use: Scroll            |     3 |     1 ||     4
       Potion            |       |     3 ||     3
 Stab: Sleeping          |     6 |     1 ||     7
Armor: Skin              |     7 |     2 ||     9
Dodge: Dodged            |    61 |    15 ||    76

Table legend: (Time is in decaauts)
 A = Elapsed time spent in this place.
 B = Non-inter-level travel time spent in this place.
 C = Inter-level travel time spent in this place.
 D = Time resting spent in this place.
 E = Time spent auto-exploring this place.
 F = Levels seen in this place.
 G = Mean time per level.
                   A        B        C        D        E       F      G
               +--------+--------+--------+--------+--------+-----+--------+
         Total |   2623 |   2588 |     35 |    392 |   1865 |   3 |  874.3 |
       Dungeon |   2623 |   2588 |     35 |    392 |   1865 |   3 |  874.3 |
               +--------+--------+--------+--------+--------+-----+--------+

Top non-repeatable levels by time:
     D:2: 1620 daAuts
     D:1: 839 daAuts
     D:3: 162 daAuts
